 Dungeon Crawl Stone Soup version 0.29-a0-459-g97dee8cd24 (webtiles) character file.

Game seed: 3614593281336728567

76286 oldmanjim the Fighter (level 16, -2/123 HPs)
             Began as a Djinni Fire Elementalist on May 13, 2022.
             Was an Initiate of Gozag.
             Slain by a slime creature (11 damage)
             ... on level 14 of the Dungeon on May 20, 2022.
             The game lasted 05:28:32 (44230 turns).

oldmanjim the Fighter (Djinni Fire Elementalist)   Turns: 44230, Time: 05:28:35

Health: -2/123     AC: 13    Str: 12    XL:     16   Next: 1%
Gold:   5158       EV: 15    Int: 30    God:    Gozag SH: 16 Dex: 13

rFire   + + .      SeeInvis +   a - +6 mace of Disgust {freeze, Will+ Int+3 Dex-3}
rCold   . . .      Faith    .   x - +0 kite shield
rNeg    . . .      Spirit   .   O - +3 leather armour of Modern New Discoveries {Rampage rC+ SInv}
rPois   ∞          Reflect  +   t - +0 helmet
rElec   .          Harm     .   v - scarf {+Inv}
rCorr   .          Rampage  +   p - +1 pair of gloves {Str+3}
Will    ++...                   (boots unavailable)
Stlth   +++.......              m - amulet of reflection
HPRegen 0.30/turn               h - +6 ring of intelligence
MPRegen 0.00/turn               o - +4 ring of protection

@: flying
A: sickness immunity, fire resistance 2, cold vulnerability 1, float, innate
caster, HP casting, extra vitality 1
a: Renounce Religion, Evoke Invisibility, Potion Petition, Call Merchant, Bribe
Branch


You were on level 14 of the Dungeon.
You worshipped Gozag.
Gozag was greatly pleased with you.
You visited 4 branches of the dungeon, and saw 23 of its levels.

You collected 7103 gold pieces.
You spent 1875 gold pieces at shops.
You paid 70 gold pieces to Gozag.

Inventory:

Hand Weapons
 a - the +6 mace of Disgust (weapon) {freeze, Will+ Int+3 Dex-3}
   (You found it on level 5 of the Lair of Beasts)

   It freezes those it strikes, dealing additional cold damage.
   It can also slow down cold-blooded creatures.
   Int:       It affects your intelligence (+3).
   Dex:       It affects your dexterity (-3).
   Will:      It increases your willpower.
 Z - the +4 flail of Fonefi {speed, rF+ Int+2}
   (You found it on level 6 of the Dungeon)

   Attacks with this weapon are significantly faster.
   Int:       It affects your intelligence (+2).
   rF:        It protects you from fire.
Missiles
 s - 34 boomerangs
 I - 3 boomerangs of dispersal
 K - 3 curare-tipped darts
 P - 42 poisoned darts
 T - 9 silver javelins
Armour
 p - a +1 pair of gloves of strength (worn)
 t - a +0 helmet (worn)
 v - a scarf of invisibility (worn)
 x - a +0 kite shield (worn)
 B - a +0 buckler
 O - the +3 leather armour of Modern New Discoveries (worn) {Rampage rC+ SInv}
   (You found it on level 7 of the Dungeon)

   rC:        It protects you from cold.
   SInv:      It lets you see invisible.
   Rampage:   It bestows one free step when moving towards enemies.
 V - a +2 robe of willpower
 Y - a +2 cloak
Jewellery
 g - the ring "Vufaeh" {rPois rN+++ Will- rCorr Slay+4}
   (You found it on level 12 of the Dungeon)

   [ring of slaying]

   Slay:      It affects your accuracy & damage with ranged weapons and melee
   (+4).
   rPois:     It protects you from poison.
   rN:        It renders you almost immune to negative energy.
   rCorr:     It protects you from acid and corrosion.
   Will:      It decreases your willpower.
 h - a +6 ring of intelligence (left hand)
 m - an amulet of reflection (around neck)
 o - a +4 ring of protection (right hand)
 N - a +6 ring of intelligence
Wands
 b - a wand of paralysis (2)
 D - a wand of mindburst (20)
 E - a wand of acid (15)
 M - a wand of iceblast (16)
 U - a wand of charming (9)
Scrolls
 d - a scroll of silence
 e - 5 scrolls of torment
 f - 7 scrolls of teleportation
 k - a scroll of fog
 q - 3 scrolls of enchant weapon
 u - a scroll of brand weapon
 y - 2 scrolls of summoning
 z - a scroll of blinking
 A - a scroll of magic mapping
 L - 8 scrolls of immolation
 X - 4 scrolls of identify
Potions
 c - 8 potions of curing
 i - 2 potions of heal wounds
 j - 5 potions of haste
 n - 4 potions of brilliance
 w - 4 potions of might
 C - 2 potions of invisibility
 F - 2 potions of cancellation
 H - 4 potions of berserk rage
 J - 4 potions of resistance
 S - 3 potions of lignification
Miscellaneous
 l - a phantom mirror
 r - a tin of tremorstones (2/2)


   Skills:
 - Level 14.0 Fighting
 - Level 3.0 Armour
 + Level 10.8 Dodging
 - Level 5.0 Stealth
 - Level 10.0 Shields
 + Level 12.3 Spellcasting
 - Level 10.0 Evocations


You had 3 spell levels left.
You knew the following spells:

 Your Spells              Type           Power      Damage    Failure   Level
a - Foxfire               Conj/Fire      100%       2x1d9     1%          1
b - Scorch                Fire           100%       2d10      1%          2
c - Conjure Flame         Conj/Fire      75%        6-21      1%          3
d - Inner Flame           Hex/Fire       75%        N/A       1%          3
e - Flame Wave            Conj/Fire      75%        2d13      1%          4
f - Magic Dart            Conj           100%       1d8       1%          1
g - Poisonous Vapours     Pois/Air       100%       N/A       1%          2
h - Blink                 Tloc           100%       N/A       1%          2
i - Stone Arrow           Conj/Erth      100%       3d13      1%          3
j - Petrify               Tmut/Erth      75%        N/A       1%          4
k - Lightning Bolt        Conj/Air       37%        1d56      1%          5
l - Dispersal             Tloc           37%        N/A       8%          6
Your spell library was empty.

Dungeon Overview and Level Annotations

Branches:
Dungeon (14/15)            Temple (1/1) D:5            Lair (6/6) D:8
  Swamp (0/4) Lair:4        Snake (0/4) Lair:3        Slime (0/5) Lair:6
    Orc (2/2) D:9             Elf (0/3) Orc:2        Vaults (0/5) D:13

Altars:
Ashenzari
Cheibriados
Dithmenos
Elyvilon
Fedhas
Gozag
Hepliaklqana
Kikubaaqudgha
Makhleb
Nemelex Xobeh
Okawaru
Qazlal
Ru
Sif Muna
Trog
Uskayaw
Vehumet
Wu Jian
Xom
Yredelemnul
Zin
The Shining One
Jiyva

Shops:
D:6 *   D:8 !   Orc:2 (=[*

Annotations:
D:4 1 runed translucent door, exclusion: door, Crazy Yiuf
D:11 3 runed translucent doors, exclusions: 3 doors and orange crystal statue
Lair:3 3 runed translucent doors, exclusion: 3 doors, NateTC's ghost, journeyman DDFi


Innate Abilities, Weirdness & Mutations

You are immune to sickness and miasma.
You are immune to poison.
Your flesh is very heat resistant. (rF++)
You are vulnerable to cold. (rC-)
You float through the air rather than walking.
You learn spells naturally, not from books.
Your magical power is your life essence.
You have superior vitality. (+4 MHP)


Message History

Flames lash the large slime creature.
The large slime creature is burned terribly!
The large slime creature is moderately wounded.
The large slime creature hits you! You block the slime creature's attack.
Two slime creatures merge to form a very large slime creature.
The slime creature hits you.
Okay, then.
You barely miss the slime creature.
The slime creature is moderately wounded.
The slime creature is no longer more vulnerable to fire.
The slime creature hits you but does no damage.
You block the very large slime creature's attack.
You barely miss the slime creature.
The slime creature is lightly wounded.
The slime creature misses you.
The very large slime creature hits you!!
The slime creature hits you!
You block the very large slime creature's attack.
You sock the slime creature! You freeze the slime creature.
The slime creature is heavily wounded.
The slime creature barely misses you.
The very large slime creature closely misses you.
You sock the slime creature! You freeze the slime creature.
The slime creature is severely wounded.
You block the slime creature's attack. The very large slime creature hits you.
The slime creature barely misses you.
The very large slime creature closely misses you.
You hit the slime creature. You freeze the slime creature.
The slime creature is severely wounded.
The very large slime creature is no longer more vulnerable to fire.
You block the slime creature's attack.
The very large slime creature hits you!!!
* * * LOW HITPOINT WARNING * * *
You barely miss the slime creature.
The slime creature is severely wounded.
You block the slime creature's attack.
The very large slime creature completely misses you.
The slime creature hits you!
You die...
Your body crumbles into a pile of gold.

#........# #.<......#
#..).....#
#).).....##############
#........'.............
#.(......##############
#........# # ####'#####
#.J@#
######J################
#...........##......<..
#..........>..?........
#......$....#..........
#...........#..........
#...........##.........
#...........##....>....
##########'############


You could see a very large slime creature and a slime creature.

Vanquished Creatures
  An orc warlord (Orc:2)
  A fire dragon (Lair:6)
  4 vault guards (D:13)
  4 hydras
  Erolcha (D:12)
  8 centaur warriors
  5 two-headed ogres
  3 death yaks
  A tengu warrior (D:13)
  4 orc high priests (Orc:2)
  7 skeletal warriors
  A fire crab (Lair:6)
  The ghost of spaghetti the Magician, a novice GnWn of Okawaru (D:10)
  6 ugly things
  3 orc knights (Orc:2)
  A deep elf pyromancer (D:13)
  2 manticores
  4 orc sorcerers
  4 cyclopes
  10 elephants
  A torpor snail (Lair:2)
  Maurice (Orc:2)
  8 black mambas
  2 molten gargoyles
  12 cane toads
  3 gargoyles
  An unseen horror (D:11)
  A kobold demonologist (D:5)
  2 rime drakes
  An efreet (D:11)
  7 komodo dragons
  A tengu conjurer (D:13)
  A freezing wraith (D:14)
  A meliai (shapeshifter) (D:14)
  A polar bear (Lair:3)
  3 trolls
  8 blink frogs
  6 slime creatures (D:14)
  A dream sheep (Lair:2)
  A shadow (D:12)
  2 wraiths
  2 vampires
  8 wyverns
  35 yaks
  A water elemental (D:12)
  7 basilisks
  6 steam dragons
  16 vampire mosquitoes
  A redback simulacrum (D:12)
  2 wargs
  Menkaure (D:4)
  4 nagas (Lair:3)
  5 acid dragons
  17 water moccasins
  4 hell hounds (Lair:6)
  2 ice beasts
  A sky beast (D:7)
  30 orc warriors
  2 black bears
  5 ogres
  12 wolves
  18 centaurs
  2 phantoms (D:5)
  Blork the orc (D:4)
  7 kobold brigands
  2 necrophages
  11 bullfrogs
  A gnoll sergeant (D:13)
  A scorpion (D:4)
  6 howler monkeys
  4 electric eels
  5 lava snakes (Lair:6)
  3 jellies
  A gnoll shaman (D:4)
  5 hounds
  21 orc priests
  3 iguanas
  34 orc wizards
  8 gnolls
  7 adders
  A shadow imp (D:6)
  2 white imps (D:7)
  7 dart slugs
  75 orcs
  7 ball pythons
  11 endoplasms
  7 goblins
  11 hobgoblins
  3 quokkas
  2 bats
  3 frilled lizards
  37 kobolds
  7 rats
609 creatures vanquished.

Vanquished Creatures (collateral kills)
  3 blink frogs (Lair:1)
  A water moccasin (Lair:1)
  2 wolves (Lair:1)
  A foxfire (D:8)
7 creatures vanquished.

Vanquished Creatures (others)
  A manticore (D:14)
  A wyvern (Lair:6)
  An orc wizard (Orc:1)
  A kobold (D:8)
  3 bushes (Lair:6)
  377 foxfires
  32 fungi
  70 plants
486 creatures vanquished.

Grand Total: 1102 creatures vanquished

Notes
Turn   | Place    | Note
-------+----------+-------------------------------------------
     0 | D:1      | oldmanjim the Djinni Fire Elementalist began the quest for
                  | the Orb.
     0 | D:1      | Reached XP level 1. HP: 15/15 MP: 0/0
   243 | D:1      | Reached XP level 2. HP: 5/21 MP: 0/0
   716 | D:1      | Found a faded altar of an unknown god.
  1071 | D:1      | Reached XP level 3. HP: 24/25 MP: 0/0
  1071 | D:1      | Learned a level 1 spell: Magic Dart
  1741 | D:2      | Reached XP level 4. HP: 22/31 MP: 0/0
  2408 | D:3      | Found a glowing silver altar of Zin.
  2410 | D:3      | Found a basalt altar of Yredelemnul.
  2412 | D:3      | Found a sparkling altar of Nemelex Xobeh.
  2413 | D:3      | Found a white marble altar of Elyvilon.
  2413 | D:3      | Found a stormy altar of Qazlal.
  2619 | D:3      | Reached XP level 5. HP: 33/35 MP: 0/0
  2619 | D:3      | Learned a level 2 spell: Poisonous Vapours
  3201 | D:3      | Reached XP level 6. HP: 40/40 MP: 0/0
  3376 | D:4      | Noticed a black bear
  3376 | D:4      | Noticed Menkaure
  3431 | D:4      | Reached skill level 1 in Fighting
  3446 | D:4      | Killed Menkaure
  3447 | D:4      | Reached skill level 2 in Fighting
  3447 | D:4      | Reached skill level 1 in Shields
  3447 | D:4      | Reached XP level 7. HP: 20/49 MP: 0/0
  3447 | D:4      | Learned a level 2 spell: Blink
  3677 | D:4      | You are sucked into a shaft and drop 1 floor!
  3677 | D:5      | Entered Level 5 of the Dungeon
  4050 | D:5      | Found a staircase to the Ecumenical Temple.
  4060 | Temple   | Entered the Ecumenical Temple
  4202 | Temple   | Became a worshipper of Gozag Ym Sagoz the Greedy
  4292 | D:5      | Noticed a kobold demonologist
  4298 | D:5      | Noticed an orange demon
  4304 | D:5      | Noticed a sixfirhy
  4307 | D:5      | Noticed a hellwing
  4318 | D:5      | Killed a kobold demonologist
  4319 | D:5      | Reached XP level 8. HP: 7/54 MP: 0/0
  4654 | D:4      | Noticed Blork the orc
  4666 | D:4      | Killed Blork the orc
  4667 | D:4      | Reached skill level 5 in Spellcasting
  5001 | D:4      | Reached skill level 5 in Shields
  5593 | D:4      | Reached skill level 3 in Fighting
  5821 | D:4      | Found a runed translucent door.
  5822 | D:4      | Noticed Crazy Yiuf
  6066 | D:5      | Reached XP level 9. HP: 31/62 MP: 0/0
  6066 | D:5      | Learned a level 3 spell: Stone Arrow
  6074 | D:5      | Reached skill level 4 in Fighting
  6495 | D:5      | Reached skill level 5 in Fighting
  6986 | D:6      | Identified the +4 flail of Fonefi {speed, rF+ Int+2}
  7866 | D:6      | Found Dumuuj's Overcharged Wands.
  7874 | D:6      | Bought a wand of iceblast (18) for 330 gold pieces
  8244 | D:7      | Identified the +3 leather armour of Modern New Discoveries
                  | {Rampage rC+ SInv}
  8326 | D:6      | Reached skill level 6 in Fighting
  8477 | D:7      | Reached skill level 1 in Evocations
  8997 | D:7      | Reached XP level 10. HP: 71/73 MP: 0/0
  9536 | D:8      | Found a staircase to the Lair.
  9539 | D:8      | Noticed a komodo dragon
  9553 | D:8      | Killed a komodo dragon
  9554 | D:8      | Reached skill level 7 in Fighting
  9759 | D:8      | Reached skill level 5 in Evocations
  9897 | D:8      | Reached skill level 5 in Dodging
 10427 | D:8      | Found Micoph's Distillery.
 10451 | D:8      | Bought a potion of degeneration for 15 gold pieces
 10451 | D:8      | Bought a potion of magic for 120 gold pieces
 10451 | D:8      | Bought a potion of might for 60 gold pieces
 10451 | D:8      | Bought 2 potions of lignification for 90 gold pieces
 10451 | D:8      | Bought 2 potions of cancellation for 240 gold pieces
 10451 | D:8      | Bought a potion of attraction for 45 gold pieces
 10747 | D:9      | Noticed a two-headed ogre
 10810 | D:8      | Killed a two-headed ogre
 11112 | D:8      | Found a staircase to the Lair.
 11168 | D:8      | Found Micoph's Distillery.
 11538 | D:8      | Reached XP level 11. HP: 51/80 MP: 0/0
 11538 | D:8      | Learned a level 4 spell: Petrify
 11901 | D:8      | Reached skill level 8 in Fighting
 12408 | D:9      | Found a staircase to the Orcish Mines.
 12993 | Lair:1   | Entered Level 1 of the Lair of Beasts
 13256 | Lair:1   | Reached skill level 9 in Fighting
 13963 | Lair:1   | Reached skill level 1 in Armour
 14988 | Lair:2   | Noticed an elephant
 15005 | Lair:2   | Killed an elephant
 15006 | Lair:2   | Reached skill level 5 in Stealth
 15177 | Lair:2   | Noticed an elephant
 15200 | Lair:2   | Noticed an elephant
 15201 | Lair:2   | Noticed an elephant
 15219 | Lair:2   | Killed an elephant
 15308 | Lair:2   | Reached XP level 12. HP: 53/89 MP: 0/0
 15972 | Lair:2   | Noticed a seven-headed hydra
 15980 | Lair:2   | Killed a seven-headed hydra
 16517 | Lair:2   | Noticed a four-headed hydra
 16523 | Lair:2   | Killed a four-headed hydra
 17097 | Lair:3   | Found a staircase to the Snake Pit.
 17550 | Lair:3   | Reached skill level 10 in Fighting
 17818 | Lair:3   | Reached XP level 13. HP: 44/96 MP: 0/0
 17818 | Lair:3   | Learned a level 5 spell: Lightning Bolt
 18083 | Lair:3   | Found a runed translucent gate.
 18083 | Lair:3   | Found a runed translucent gate.
 18087 | Lair:3   | Found a runed translucent gate.
 18089 | Lair:3   | Noticed NateTC's ghost (journeyman DDFi)
 18522 | Lair:4   | Found a staircase to the Swamp.
 18541 | Lair:4   | Reached skill level 10 in Spellcasting
 20798 | Lair:5   | Noticed a four-headed hydra
 20817 | Lair:5   | Killed a four-headed hydra
 21202 | Lair:5   | Identified the +6 mace of Disgust {freeze, Will+ Int+3
                  | Dex-3}
 21471 | Lair:6   | Entered Level 6 of the Lair of Beasts
 21876 | Lair:6   | Reached skill level 11 in Fighting
 22095 | Lair:6   | Found a viscous altar of Jiyva.
 22095 | Lair:6   | Found a staircase to the Slime Pits.
 22215 | Lair:6   | Noticed a six-headed hydra
 22229 | Lair:6   | Killed a six-headed hydra
 24007 | Lair:6   | Reached XP level 14. HP: 49/105 MP: 0/0
 24848 | Lair:6   | Found a large runed translucent door.
 24848 | Lair:6   | Found a large runed translucent door.
 25683 | D:10     | Entered Level 10 of the Dungeon
 25756 | D:10     | Found a runed translucent gate.
 25756 | D:10     | Found a runed translucent gate.
 25757 | D:10     | Found a runed translucent gate.
 25757 | D:10     | Noticed spaghetti's ghost (novice GnWn)
 25775 | D:10     | Killed spaghetti's ghost
 26666 | D:10     | Reached skill level 12 in Fighting
 28094 | D:11     | Found a runed translucent door.
 28127 | D:11     | Found a runed translucent door.
 28199 | D:11     | Found a runed translucent door.
 28375 | D:11     | Found a runed translucent door.
 30105 | D:12     | Noticed Erolcha
 30119 | D:12     | Killed Erolcha
 30534 | D:12     | Identified the ring "Vufaeh" {rPois rN+++ Will- rCorr
                  | Slay+4}
 31611 | D:13     | Found a gate to the Vaults.
 32719 | D:13     | Reached skill level 10 in Dodging
 32746 | D:13     | Reached skill level 10 in Evocations
 33104 | D:13     | Reached XP level 15. HP: 88/113 MP: 0/0
 33104 | D:13     | Learned a level 6 spell: Dispersal
 33111 | D:13     | Reached skill level 13 in Fighting
 34791 | Orc:1    | Entered Level 1 of the Orcish Mines
 35136 | Orc:1    | You are sucked into a shaft and drop 1 floor!
 35136 | Orc:2    | Entered Level 2 of the Orcish Mines
 35136 | Orc:2    | Noticed Maurice
 35145 | Orc:2    | Noticed an orc warlord
 35147 | Orc:2    | Reached skill level 10 in Shields
 36002 | Orc:2    | Found a staircase to the Elven Halls.
 36300 | Orc:2    | Killed an orc warlord
 36470 | Orc:2    | Killed Maurice
 39082 | Orc:2    | Found Fesk's General Store.
 39083 | Orc:2    | Found Dilujyg's Jewellery Boutique.
 39085 | Orc:2    | Found Isiol's Antique Armour Boutique.
 39085 | Orc:2    | Found Yfoowkel's Antique Weapon Shop.
 39100 | Orc:2    | Bought a potion of haste for 150 gold pieces
 39100 | Orc:2    | Bought a potion of heal wounds for 75 gold pieces
 39100 | Orc:2    | Bought a potion of resistance for 150 gold pieces
 39104 | Orc:2    | Bought a tin of tremorstones (2/2) for 600 gold pieces
 39206 | Orc:1    | Upgraded the game from 0.29-a0-409-gd843f3a48c to
                  | 0.29-a0-451-gfbfa42419e
 40854 | D:14     | Reached skill level 14 in Fighting
 41234 | D:14     | HP: 2/117 [large slime creature (26)]
 42906 | D:14     | Upgraded the game from 0.29-a0-451-gfbfa42419e to
                  | 0.29-a0-459-g97dee8cd24
 44107 | D:14     | Reached XP level 16. HP: 115/123 MP: 0/0
 44230 | D:14     | Slain by a slime creature

Illustrated notes

Levels and vault maps discovered:
D:1:      minmay_arrival_hallway, layout_loops_ring,
          ebering_ecumenical_altar_petrified, eino_curves_03, st_stairs_6
D:2:      layout_loops_cross
D:3:      layout_loops_cross, grunt_temple_overflow_open, minmay_divided_ellipse
D:4:      layout_basic, st_stairs_7, minmay_misc_feat_room, uniq_menkaure,
          uniq_crazy_yiuf_cottage, uniq_blork_the_orc
D:5:      layout_loops_corners, minmay_temple_entry_trees, minmay_manual_mares
D:6:      layout_layer_cave, nicolae_shop_overcharged_wands
D:7:      corexii_shack_village, layout_cave_pools, minmay_liquid_box
D:8:      layout_cave_pools, david_lair_shrubbed, serial_shops, shop_coins
D:9:      layout_big_octagon, david_orc_3, serial_park, serial_park_tiny_2,
          serial_park_tiny_1, serial_park_fountain, serial_park_tiny_pond,
          serial_park_tiny_2
D:10:     layout_stronghold, ebering_ghost_rock_garden
D:11:     layout_basic, minmay_statue_crystal_thing
D:12:     layout_basic, uniq_erolcha
D:13:     layout_cave_pods, lightli_vaults_fourway_checkpoint
D:14:     layout_roguey, ebering_ghost_xom, kennysheep_pointless_box,
          trog_hazing_becter
Temple:   nicolae_temple_elliptical
Lair:1:   layout_concentric_octagons, serial_rivers,
          chequers_serial_rivers_micro_a, chequers_serial_rivers_large_a,
          chequers_serial_rivers_micro_d, chequers_serial_rivers_micro_c,
          chequers_serial_rivers_marsh, chequers_serial_rivers_micro_a
Lair:2:   nzn_winding_woodlands_three_and_one
          [nzn_winding_woodlands_5x15_parted, nzn_winding_woodlands_5x15_eye,
          nzn_winding_woodlands_5x15_split_checker,
          nzn_winding_woodlands_center_lodge], layout_loops_ring,
          chequers_serial_rivers_small_3
Lair:3:   layout_hall_layers, minmay_snake_entry_guardpost_small,
          gammafunk_ghost_necromancy, beast_lair_carwin_10
Lair:4:   layout_small_grid, swamp_mist
Lair:5:   layout_long_grid, grunt_megastairs_2, lemuel_fruit_fields
Lair:6:   cheibrodos_lair_end_hotspot, layout_regular_city, slime_altar_1,
          guppyfry_lair_drakes
Orc:1:    layout_diamond_mine, mines4_lemuel
Orc:2:    st_orc_congregation, layout_caves, uniq_maurice

Skill      XL: |  1  2  3  4  5  6  7  8  9 10 11 12 13 14 15 |
---------------+----------------------------------------------+-----
Stealth        | 2 3 4 5 |  5.0
Dodging        | 3 4 6 7 8 10 | 10.8
Spellcasting   | 3 4 5 6 7 8 9 10 11 12 | 12.3
Fighting       | 2 3 6 7 9 10 11 12 14 | 14.0
Shields        | 1 4 5 6 7 9 10 | 10.0
Evocations     | 2 5 7 9 10 | 10.0
Armour         | 2 3 |  3.0

Action                   |  1- 3 |  4- 6 |  7- 9 | 10-12 | 13-15 | 16-18 || total
-------------------------+-------+-------+-------+-------+-------+-------++-------
Melee: Dagger            |       |    19 |       |       |       |       ||    19
       Flail             |       |       |       |    49 |    44 |       ||    93
       Mace              |       |       |       |       |    98 |     6 ||   104
Throw: Dart              |       |       |       |     1 |       |       ||     1
 Cast: Foxfire           |    47 |    49 |    50 |    33 |    48 |     6 ||   233
       Scorch            |       |    16 |    55 |    51 |   195 |    14 ||   331
       Conjure Flame     |       |     1 |    15 |    22 |    24 |       ||    62
       Poisonous Vapours |       |       |    49 |   134 |   405 |       ||   588
       Blink             |       |       |     1 |     3 |    18 |       ||    22
       Stone Arrow       |       |       |    19 |    74 |   193 |       ||   286
       Flame Wave        |       |       |       |    13 |    13 |       ||    26
       Petrify           |       |       |       |    23 |    23 |       ||    46
       Inner Flame       |       |       |       |     1 |     2 |       ||     3
       Lightning Bolt    |       |       |       |       |    43 |       ||    43
       Magic Dart        |       |       |       |       |     1 |       ||     1
       Dispersal         |       |       |       |       |     1 |       ||     1
 Abil: Evoke Invisibilit |       |       |       |       |     1 |       ||     1
Evoke: Wand              |       |       |       |       |     6 |       ||     6
  Use: Scroll            |       |     7 |     2 |    10 |    10 |       ||    29
       Potion            |       |       |       |       |     5 |       ||     5
 Stab: Petrified         |       |       |       |    12 |    37 |       ||    49
       Sleeping          |       |       |       |     1 |       |       ||     1
       Petrifying        |       |       |       |       |     2 |       ||     2
Armor: Robe              |     5 |    16 |    15 |       |       |       ||    36
       Leather armour    |       |       |     5 |    66 |   153 |     1 ||   225
Dodge: Dodged            |     9 |    20 |    22 |   103 |   274 |    11 ||   439
Block: Other             |     2 |     5 |       |       |       |       ||     7
       Buckler           |       |       |    27 |    96 |   196 |       ||   319
       Reflection        |       |       |     4 |     9 |    57 |       ||    70
       Kite shield       |       |       |       |       |   188 |    14 ||   202

Table legend: (Time is in decaauts)
 A = Elapsed time spent in this place.
 B = Non-inter-level travel time spent in this place.
 C = Inter-level travel time spent in this place.
 D = Time resting spent in this place.
 E = Time spent auto-exploring this place.
 F = Levels seen in this place.
 G = Mean time per level.
                   A        B        C        D        E       F      G
               +--------+--------+--------+--------+--------+-----+--------+
         Total |  44340 |  42480 |   1860 |   9540 |  25013 |  23 | 1927.8 |
       Dungeon |  27248 |  25923 |   1325 |   6854 |  14934 |  14 | 1946.3 |
        Temple |    160 |    135 |     25 |      0 |    118 |   1 |  160.0 |
          Lair |  12472 |  12043 |    429 |   1368 |   8773 |   6 | 2078.7 |
  Orcish Mines |   4458 |   4378 |     80 |   1318 |   1188 |   2 | 2229.0 |
               +--------+--------+--------+--------+--------+-----+--------+

Top non-repeatable levels by time:
    D:12: 3841 daAuts
    D:13: 3720 daAuts
   Orc:2: 3219 daAuts
     D:8: 3125 daAuts
  Lair:5: 2868 daAuts
  Lair:2: 2554 daAuts
  Lair:6: 2513 daAuts
    D:14: 2439 daAuts
    D:11: 2149 daAuts
    D:10: 1936 daAuts
     D:4: 1735 daAuts
  Lair:4: 1729 daAuts
     D:6: 1575 daAuts
     D:3: 1481 daAuts
  Lair:1: 1464 daAuts
